 Dungeon Crawl Stone Soup version 0.25-a0-558-g78a2afb0af (webtiles) character file.

Game seed: 8979630208781739155, levelgen mode: deterministic

5588 Katabasis the Fighter (level 10, -10/111 HPs)
             Began as an Ogre Berserker on Feb 23, 2020.
             Was an Elder of Trog.
             Splashed by an oklob plant's acid (16 damage)
             ... on level 8 of the Dungeon on Feb 24, 2020.
             The game lasted 00:39:02 (11632 turns).

Katabasis the Fighter (Ogre Berserker)             Turns: 11632, Time: 00:39:03

Health: -10/111    AC:  0    Str: 26    XL:     10   Next: 72%
Magic:  10/10      EV: 10    Int:  8    God:    Trog [****..]
Gold:   483        SH:  0    Dex:  8    Spells: 9/9 levels left

rFire    . . .     SeeInvis .   b - +6 giant spiked club "Ogre's Curse" {flame, rElec rN+}
rCold    . . .     Gourm    .   (shield currently unavailable)
rNeg     + . .     Faith    .   m - +2 robe {MR+}
rPois    .         Spirit   .   (helmet restricted)
rElec    +         Reflect  .   E - +2 cloak
rCorr    .         Harm     .   (gloves unavailable)
MR       ++...                  (boots unavailable)
Stlth    +.........             (no amulet)
HPRegen  0.28/turn              (no ring)
MPRegen  0.12/turn              (no ring)

@: corroded
A: large, unfitting armour, tough skin 1
a: Berserk, Trog's Hand, Brothers in Arms, Renounce Religion


You were on level 8 of the Dungeon.
You worshipped Trog.
Trog was greatly pleased with you.
You were not hungry.

You visited 1 branch of the dungeon, and saw 8 of its levels.
You also visited: Sewer and Ossuary.

You collected 483 gold pieces.

Inventory:

Hand Weapons
 b - the +6 giant spiked club "Ogre's Curse" (weapon) {flame, rElec rN+}
   (Trog gifted it to you in an ossuary)

   It has been specially enchanted to burn those struck by it, causing extra
   injury to most foes and up to half again as much damage against particularly
   susceptible opponents.
   It insulates you from electricity.
   It protects you from negative energy.
Missiles
 f - 64 poisoned darts (quivered)
 y - 5 atropa-tipped darts
Armour
 m - a +2 robe of magic resistance (worn)
 z - +0 acid dragon scales
 E - a +2 cloak (worn)
Wands
 e - a wand of disintegration (19)
 n - a wand of flame (22)
 r - a wand of polymorph (19)
 B - a wand of random effects (44)
Scrolls
 d - 3 scrolls of blinking
 g - 3 scrolls of amnesia
 h - 3 scrolls of enchant armour
 i - a scroll of random uselessness {unknown}
 l - 4 scrolls of fog
 t - a scroll of fear
 u - 6 scrolls of magic mapping
 w - 6 scrolls of teleportation
 F - a scroll of remove curse
Potions
 j - 2 potions of curing
 k - 3 potions of flight
 o - 3 potions of brilliance {unknown}
 p - 4 potions of magic {unknown}
 q - 3 potions of might {unknown}
 s - 5 potions of haste
 v - 2 potions of stabbing {unknown}
 x - 4 potions of mutation {unknown}
 A - a potion of cancellation {unknown}
 C - a potion of lignification {unknown}
 D - 3 potions of degeneration {unknown}
Comestibles
 a - 6 chunks of flesh
 c - 10 rations


   Skills:
 + Level 10.8 Fighting
 * Level 10.5 Maces & Flails
 + Level 7.8 Throwing
 - Level 2.6 Dodging


You had 9 spell levels left.
You didn't know any spells.
Your spell library was empty.

Dungeon Overview and Level Annotations

Branches:
Dungeon (8/15)             Temple (0/1) D:7           Sewer (visited)
Ossuary (visited)
   Lair: D:8-11

Altars:
Ashenzari
Dithmenos
Elyvilon
Gozag
Makhleb
Trog
Uskayaw
Wu Jian
Zin

Annotations:
D:8 exclusion: 3 oklob plants


Innate Abilities, Weirdness & Mutations

You are too large for most types of armour.
You have tough skin. (AC +1)


Message History

Trog accepts your kill.
No target in view!
An oklob plant comes into view.
The oklob plant spits acid at you. The splash of acid hits you!
You are splashed with acid!
Marking area around an oklob plant as unsafe for travelling.
The oklob plant spits acid at you. The splash of acid hits you!
The acid corrodes you!
You are splashed with acid!
The floating eye turns its gaze towards you.
The oklob plant spits acid at you. The splash of acid hits you!
You are splashed with acid!
The floating eye's stare focuses on you.
The oklob plant spits acid at you. The splash of acid hits you!
You are splashed with acid!
* * * LOW HITPOINT WARNING * * *
The oklob plant spits acid at you. The splash of acid hits you!
* * * LOW HITPOINT WARNING * * *
The acid corrodes you!
You are splashed with acid!
You die...

.....................#
#....#
.....##.............#
##...# ##(.##....#........#
##.## #........#........#
#.# #.##..(....######## #.#
#.##.....$....### #.#
#...............#######.# #
.........................#
#####
##.#......@.......#.######
#...## #..................#
.....##.........PPP.......#
......##.......PPGPP...=..#
.._...##......PPP.[PP....##
......#......PP>...?P....
.....###.[....P.P.PPP....
#...###.:.....PPPPP......
##.##........?...(P


You could see 2 oklob plants and a floating eye.

Vanquished Creatures
  Pikel (D:6)
  An ice statue (D:8)
  Maggie (D:7)
  Grinder (D:6)
  Sigmund (D:3)
  Eustachio (D:4)
  Menkaure (D:6)
  Duvessa (D:4)
  An ice beast (D:5)
  2 orc warriors
  3 sky beasts
  4 slaves (D:6)
  4 ogres
  3 centaurs (D:5)
  2 elf zombies (Ossuary)
  7 bullfrogs
  Dowan (D:4)
  2 scorpions
  5 killer bees (D:7)
  4 crimson imps
  A bullfrog zombie (D:8)
  A jelly (D:8)
  2 orc priests
  2 hounds
  A bullfrog skeleton (D:5)
  5 orc wizards
  Ijyb (D:3)
  3 gnoll shamans (D:4)
  2 iguanas
  4 worker ants
  2 big kobold zombies (Ossuary)
  A hound zombie (Ossuary)
  2 hound skeletons (D:4)
  5 mummies
  Robin (D:3)
  37 gnolls
  4 river rats (Sewer)
  25 adders
  A howler monkey skeleton (D:7)
  3 shadow imps
  An ooze (Sewer)
  4 adder zombies
  2 adder skeletons
  2 worms (D:2)
  2 dart slugs
  4 leopard geckos
  19 orcs
  13 ball pythons
  6 giant cockroaches
  A gnoll zombie (Ossuary)
  20 goblins
  11 hobgoblins
  22 jackals
  10 kobolds
  3 quokkas
  10 bats
  2 frilled lizards
  A goblin zombie (Ossuary)
  2 jackal zombies
  An orc zombie (Ossuary)
  28 rats
  A rat zombie (Ossuary)
314 creatures vanquished.

Notes
Turn   | Place    | Note
-------+----------+-------------------------------------------
     0 | D:1      | Katabasis the Ogre Berserker began the quest for the Orb.
     0 | D:1      | Reached XP level 1. HP: 24/24 MP: 1/1
   187 | D:1      | Reached XP level 2. HP: 24/32 MP: 2/2
   540 | D:1      | Reached skill level 1 in Throwing
   569 | D:1      | Reached XP level 3. HP: 39/40 MP: 3/3
   720 | D:1      | Reached ** piety under Trog
   997 | D:2      | Found a hide-covered altar of Uskayaw.
  1139 | D:2      | Reached XP level 4. HP: 47/49 MP: 4/4
  1714 | D:2      | Found an opulent altar of Gozag.
  1761 | D:2      | Found a shattered altar of Ashenzari.
  2087 | D:3      | Upgraded the game from 0.25-a0-549-g6e6e6501ad to
                  | 0.25-a0-558-g78a2afb0af
  2108 | D:3      | Noticed Ijyb
  2153 | D:3      | Killed Ijyb
  2153 | D:3      | Reached skill level 5 in Fighting
  2153 | D:3      | Reached XP level 5. HP: 40/57 MP: 5/5
  2817 | D:3      | Noticed Robin
  2845 | D:3      | Killed Robin
  2854 | D:3      | Noticed Sigmund
  2992 | D:3      | Found a shadowy altar of Dithmenos.
  3112 | D:3      | Reached *** piety under Trog
  3493 | D:3      | Killed Sigmund
  3493 | D:3      | Reached skill level 5 in Maces & Flails
  3493 | D:3      | Reached XP level 6. HP: 67/67 MP: 6/6
  3562 | D:4      | Noticed Eustachio
  3638 | D:4      | Found a glowing drain.
  3656 | Sewer    | Entered a sewer
  4049 | Sewer    | Reached XP level 7. HP: 75/75 MP: 7/7
  4211 | Sewer    | Reached **** piety under Trog
  4515 | D:4      | Found a burning altar of Makhleb.
  4515 | D:4      | Found a glowing silver altar of Zin.
  4516 | D:4      | Noticed an angel
  4516 | D:4      | Noticed a green death
  4829 | D:4      | Noticed Duvessa
  4832 | D:4      | Noticed Dowan
  4841 | D:4      | Killed Duvessa
  4847 | D:4      | Killed Dowan
  4847 | D:4      | Reached XP level 8. HP: 84/84 MP: 8/8
  6595 | D:4      | Killed Eustachio
  6595 | D:4      | Reached skill level 5 in Throwing
  7181 | D:4      | Reached ***** piety under Trog
  7181 | D:4      | Received a gift from Trog
  7190 | D:4      | Found a bloodstained altar of Trog.
  7445 | D:4      | Reached XP level 9. HP: 96/96 MP: 9/9
  7490 | D:4      | Found a white marble altar of Elyvilon.
  7716 | D:5      | Entered Level 5 of the Dungeon
  7992 | D:5      | Found an ornate altar of the Wu Jian Council.
  8142 | D:5      | Got a slimy tin ring
  9039 | D:5      | Identified the ring "Buke" {*Drain rElec Dex+3 Stlth-} (You
                  | found it on level 5 of the Dungeon)
  9066 | D:6      | Noticed Grinder
  9083 | D:6      | Killed Grinder
  9143 | D:6      | Found a sand-covered staircase.
  9154 | Ossuary  | Entered an ossuary
  9234 | Ossuary  | Received a gift from Trog
  9335 | Ossuary  | Got a bloodstained giant spiked club {god gift}
  9336 | Ossuary  | Identified the +6 giant spiked club "Ogre's Curse" {flame,
                  | rElec rN+} (Trog gifted it to you in an ossuary)
  9707 | D:6      | Reached XP level 10. HP: 97/110 MP: 10/10
 10018 | D:6      | Reached skill level 10 in Fighting
 10075 | D:6      | Noticed Menkaure
 10077 | D:6      | Killed Menkaure
 10276 | D:6      | Noticed Pikel
 10280 | D:6      | Killed Pikel
 10500 | D:7      | Found a staircase to the Ecumenical Temple.
 10526 | D:7      | Reached skill level 10 in Maces & Flails
 11066 | D:7      | Noticed Maggie
 11072 | D:7      | Killed Maggie
 11259 | D:8      | Noticed an ice statue
 11418 | D:8      | Noticed an oklob plant
 11419 | D:8      | Paralysed by a floating eye for 4 turns
 11423 | D:8      | Noticed an oklob plant
 11425 | D:8      | Paralysed by a floating eye for 2 turns
 11436 | D:8      | Found a shadowy altar of Dithmenos.
 11482 | D:8      | Killed an ice statue
 11627 | D:8      | Noticed an oklob plant
 11632 | D:8      | Splashed by an oklob plant's acid

Levels and vault maps discovered:
D:1:      grunt_arrival_crossed_arrows, layout_basic
D:2:      layout_loops_ring, nicolae_overflow_hidden_temple,
          eat_drink_and_be_merry_uskayaw, nicolae_gozag_seed_capital
D:3:      layout_basic, solitary_fountain, grunt_dithmenos_smoke, uniq_sigmund,
          uniq_ijyb, uniq_robin
D:4:      lemuel_castle_with_subvaults [lemuel_castle_interior_carwin_1],
          layout_loops_ring, grunt_temple_overflow_order_and_chaos_2,
          lightli_temple_of_fire, elyvilon_altar_4, portal_sewer_entry_d,
          first_ration, uniq_duvessa, uniq_eustachio
D:5:      cheibrodos_barr_body, layout_loops_ring, overflow_temple_1_default,
          kennysheep_generic_room_10
D:6:      layout_basic, gup_ossuary_entry_pyramid, uniq_pikel, uniq_menkaure,
          uniq_grinder
D:7:      layout_basic, minmay_temple_entry_offerings, uniq_maggie
D:8:      minmay_separated_statues, layout_loops_cross, lemuel_round_altar,
          serial_shops, shop, ebering_ghost_gozag, chequers_mini_garden,
          hangedman_pestilent_swarm, disabler_island

Skill      XL: |  1  2  3  4  5  6  7  8  9 10 |
---------------+-------------------------------+-----
Maces & Flails | 3 4 5 6 7 9 10 | 10.5
Throwing       | 1 2 3 4 5 6 7 |  7.8
Fighting       | 5 6 8 9 10 | 10.8
Dodging        | |  2.6

Action                   |  1- 3 |  4- 6 |  7- 9 | 10-12 || total
-------------------------+-------+-------+-------+-------++-------
Melee: Mace              |    84 |   164 |       |       ||   248
       Whip              |       |   117 |   692 |       ||   809
       Giant spiked club |       |       |    18 |    86 ||   104
Invok: Berserk           |     1 |     8 |    12 |     1 ||    22
       Trog's Hand       |       |     1 |     2 |       ||     3
  Use: Potion            |       |     1 |     4 |       ||     5
       Scroll            |       |     7 |     8 |     1 ||    16
  Eat: Chunk             |     2 |     6 |    29 |     6 ||    43
       Ration            |       |     3 |     1 |       ||     4
Armor: Animal skin       |    33 |    60 |       |       ||    93
       Robe              |       |    38 |   257 |    25 ||   320
Dodge: Dodged            |    60 |   153 |   404 |    42 ||   659

Table legend:
 A = Non-vault XP
 B = Vault XP
 C = Vault XP percentage of total XP
 D = Non-vault monster count
 E = Vault monster count
 F = Vault count percentage of total count
                 A         B        C        D         E       F
            +---------+---------+-------+---------+---------+-------
      Total |    3025 |    4958 |  62.1 |     153 |     157 |  50.6
            +---------+---------+-------+---------+---------+-------
        D:1 |      49 |       0 |   0.0 |      27 |       0 |   0.0
        D:2 |      99 |       0 |   0.0 |      21 |       0 |   0.0
        D:3 |      55 |     315 |  85.1 |      23 |      15 |  39.5
        D:4 |     265 |    1211 |  82.0 |      21 |      57 |  73.1
        D:5 |     768 |     808 |  51.3 |      24 |      15 |  38.5
        D:6 |     445 |    1055 |  70.3 |      12 |       4 |  25.0
        D:7 |     707 |     404 |  36.4 |      13 |       1 |   7.1
        D:8 |     637 |     437 |  40.7 |      12 |       1 |   7.7
      Sewer |       0 |     366 | 100.0 |       0 |      48 | 100.0
    Ossuary |       0 |     362 | 100.0 |       0 |      16 | 100.0
            +---------+---------+-------+---------+---------+-------
